 Dungeon Crawl Stone Soup version 0.27.1-1-g398f81649c (webtiles) character file.

Game seed: 12640218640649927001

31 acemry the Changer (level 3, -3/25 HPs)
             Began as an Octopode Transmuter on Sept 7, 2021.
             Slain by a hound (5 damage)
             ... on level 4 of the Dungeon.
             The game lasted 00:02:55 (1609 turns).

acemry the Changer (Octopode Transmuter)            Turns: 1609, Time: 00:02:56

Health: -3/25      AC:  1    Str:  9    XL:     3   Next: 22%
Magic:  6/6        EV: 13    Int: 16    God:
Gold:   47         SH:  0    Dex: 12    Spells: 5/6 levels left

rFire    . . .     SeeInvis .   a - +5 hunting sling (vorpal)
rCold    . . .     Faith    .   (no shield)
rNeg     . . .     Spirit   .   (helmet restricted)
rPois    .         Reflect  .   (no amulet)
rElec    .         Harm     .   d - ring of resist corrosion
rCorr    +         Rampage  .   (no ring)
Will     +....                  (no ring)
Stlth    ++........             (no ring)
HPRegen  0.08/turn              (no ring)
MPRegen  0.10/turn              (no ring)
                                (no ring)
                                (no ring)

@: no status effects
A: almost no armour, amphibious, 8 rings, camouflage 1, gelatinous body 1,
(nimble swimmer 1), tentacles, strong-willed 1, robust 1
a: no special abilities


You were on level 4 of the Dungeon.
You visited 1 branch of the dungeon, and saw 3 of its levels.

You collected 47 gold pieces.

Inventory:

Hand Weapons
 a - a +5 vorpal hunting sling (weapon)
 b - a +0 short sword
 f - a +0 club
Missiles
 g - 17 sling bullets (quivered ammo)
Jewellery
 d - a ring of resist corrosion (left tentacle)
Potions
 c - a potion of flight {unknown}


   Skills:
 - Level 1.0 Fighting
 - Level 2.0 Dodging
 - Level 3.0 Unarmed Combat
 - Level 2.0 Spellcasting
 + Level 3.6 Transmutations


You had 5 spell levels left.
You knew the following spells:

 Your Spells              Type           Power      Damage    Failure   Level
a - Beastly Appendage     Tmut           26%        N/A       4%          1

Your spell library contained the following spells:

 Spells                   Type           Power      Damage    Failure   Level
 Wereblood                Tmut           13%        N/A       7%          2
 Spider Form              Tmut/Pois      3%         N/A       30%         3
 Ice Form                 Ice/Tmut       7%         N/A       69%         4


Dungeon Overview and Level Annotations

Branches:
Dungeon (2/15)

Altars:

Annotations:
D:4 Duvessa, Natasha


Innate Abilities, Weirdness & Mutations

You cannot wear most types of armour.
You are amphibious.
You can wear up to eight rings at the same time.
Your skin changes colour to match your surroundings (Stealth+).
Your rubbery body absorbs attacks. (AC +1, EV +1)
((You are camouflaged near water. (Stealth+)))
You have tentacles for arms and can constrict up to eight enemies at once.
You are strong-willed. (Will+)
You are robust. (+10% HP)


Message History

Something appears before you!
f - a +5 vorpal hunting sling
Found a stone staircase leading down.
You see here 17 sling bullets.
g - 17 sling bullets Adjust to which letter? (? for menu, Esc to quit)
a - a +5 vorpal hunting sling;
f - a +0 club Adjust (i)tems, (s)pells, or (a)bilities?
c - a +0 short sword (weapon)
Adjust to which letter? (? for menu, Esc to quit)
b - a +0 short sword (weapon);
c - a ruby potion
a - a +5 vorpal hunting sling (weapon)
Found a spear.
You see here a +0 spear.
You fall into a shaft and drop 2 floors!
The shaft crumbles and collapses.
Natasha and a dart slug come into view.
Found 9 gold pieces.
Found a stone staircase leading up.
A hobgoblin comes into view.
The hobgoblin shouts!
A hound comes into view.
Found a red potion.
Found a stone staircase leading down.
The hound barks!
A ball python comes into view.
The hound bites you.
Found 11 gold pieces.
The hound bites you. The ball python closely misses you.
The ball python misses you. The ball python bites you.
The ball python closely misses you. The hound bites you.
Duvessa, Sister of Dowan comes into view.
She is wielding a +0 rapier.
Found a stone staircase leading down.
Duvessa shouts!
You hear an angry hiss.
The hound bites you.
* * * LOW HITPOINT WARNING * * *
Unknown command.
It was a potion of mutation.
You feel extremely strange.
You feel robust.
You feel strong-willed. The hound bites you.
You die...

..........# .... .>.
#....###...g ..
#...........
........##......
.##.........###.
##.....##......... ..
##e.###.....##....#
....##...#
#....##..####
.....$.@####.....#..#
##....#Shg.#.......##
#...##............##..!
##.....................
#...#...............#.
##.................##
##..#.#...........#
##.###............. ..
#............##.


You could see Duvessa, a hound, a hobgoblin and a ball python.

Vanquished Creatures
  A worm (D:2)
  A dart slug (D:1)
  2 ball pythons (D:1)
  A bat (D:1)
  3 endoplasms (D:1)
  2 giant cockroaches (D:1)
  3 goblins (D:1)
  2 hobgoblins (D:1)
  A quokka (D:1)
  A frilled lizard (D:1)
  3 kobolds (D:1)
  5 rats (D:1)
25 creatures vanquished.

Notes
Turn   | Place    | Note
-------+----------+-------------------------------------------
     0 | D:1      | acemry the Octopode Transmuter began the quest for the Orb.
     0 | D:1      | Reached XP level 1. HP: 13/13 MP: 3/3
   207 | D:1      | Reached XP level 2. HP: 7/18 MP: 1/5
   824 | D:1      | Found a faded altar of an unknown god.
   883 | D:1      | Reached XP level 3. HP: 17/23 MP: 3/6
  1540 | D:2      | Identified a scroll of acquirement
  1540 | D:2      | Acquired a +5 vorpal hunting sling
  1587 | D:2      | You fall into a shaft and drop 2 floors!
  1587 | D:4      | Noticed Natasha
  1608 | D:4      | Noticed Duvessa
  1609 | D:4      | Gained mutation: You are robust. (+10% HP) [potion of
                  | mutation]
  1609 | D:4      | Gained mutation: You are strong-willed. (Will+) [potion of
                  | mutation]
  1609 | D:4      | Slain by a hound

Illustrated notes

Levels and vault maps discovered:
D:1:      elethiomel_arrival_diamonds, layout_rooms,
          dreamdust_ecumenical_altar_grove
D:2:      layout_basic, uniq_jessica
D:4:      layout_cave_pools, minmay_temple_entry_large_hall,
          serial_bayou_ford_a, minmay_manual_macuahuitl, uniq_duvessa,
          uniq_natasha

Skill      XL: |  1  2 |
---------------+-------+-----
Transmutations | 3 |  3.6
Fighting       | |  1.0
Dodging        | |  2.0
Unarmed Combat | |  3.0
Spellcasting   | |  2.0

Action                   || total
-------------------------++-------
Melee: Unarmed           ||    13
       Constrict         ||    16
       Club              ||    13
       Kick              ||    12
       Tentacles         ||     6
       Short sword       ||    30
 Cast: Beastly Appendage ||    18
  Use: Scroll            ||     1
       Potion            ||     1
 Stab: Sleeping          ||     4
Armor: Skin              ||     3
Dodge: Dodged            ||    29
